 Dungeon Crawl Stone Soup version 0.17-a0-1646-geb1493d (webtiles) character file.

69 LilCorpsy the Poker (level 4, -5/33 HPs)
             Began as a Merfolk Gladiator on Aug 11, 2015.
             Slain by LilCorpsy's ghost (14 damage)
             ... on level 3 of the Dungeon.
             The game lasted 00:03:06 (1483 turns).

LilCorpsy the Poker (Merfolk Gladiator)             Turns: 1483, Time: 00:03:06

Health: -5/33      AC:  4    Str: 15    XL:     4   Next: 20%
Magic:  4/4        EV: 13    Int:  7    God:
Gold:   117        SH:  0    Dex: 15    Spells: 0 memorised, 3 levels left

rFire  . . .     SeeInvis .     a - +0 trident
rCold  . . .     Clarity  .     b - +0 leather armour
rNeg   . . .     SustAt   .     (no shield)
rPois  .         Gourm    .     c - +0 helmet
rElec  .         Spirit   .     (no cloak)
rCorr  .         Warding  .     (no gloves)
rMut   .         Stasis   .     (no boots)
MR     .....                    (no amulet)
Stlth  +.........               (no ring)
                                (no ring)

@: not resistant to hostile enchantments, very unstealthy
A: change form in water, swift swim, spit poison 1
a: Spit Poison


You were on level 3 of the Dungeon.
You were not hungry.

You visited 1 branch of the dungeon, and saw 3 of its levels.

You collected 117 gold pieces.

Inventory:

Hand weapons
 a - a +0 trident (weapon)
Missiles
 d - 3 throwing nets (quivered)
Armour
 b - a +0 leather armour (worn)
 c - a +0 helmet (worn)
Magical devices
 o - a wand of random effects (19)
Scrolls
 f - a scroll of blinking {unknown}
 h - 3 scrolls of remove curse {unknown}
 i - a scroll of identify {unknown}
 j - 2 scrolls of enchant armour {unknown}
Comestibles
 e - 5 bread rations
 g - 2 meat rations
 k - a beef jerky
 m - 3 fruits


   Skills:
 - Level 2.1 Fighting
 * Level 7.2 Polearms
 - Level 2.0 Throwing
 - Level 4.0 Dodging


You had 3 spell levels left.
You didn't know any spells.

Dungeon Overview and Level Annotations

Branches:
Dungeon (3/15)

Altars:

Annotations:
D:3 LilCorpsy's ghost, average MfGl


Innate Abilities, Weirdness & Mutations

You revert to your normal form in water.
You are very nimble and swift while swimming.
You can spit weak poison.


Message History

The jackal bites you. LilCorpsy's ghost closely misses you.
You closely miss LilCorpsy's ghost.
LilCorpsy's ghost is heavily damaged.
The jackal closely misses you. x2
LilCorpsy's ghost hits you but does no damage.
The jackal closely misses you. The jackal bites you.
You closely miss LilCorpsy's ghost.
LilCorpsy's ghost is heavily damaged.
The jackal bites you. LilCorpsy's ghost barely misses you.
The jackal bites you but does no damage.
You miss LilCorpsy's ghost.
LilCorpsy's ghost is heavily damaged.
The jackal closely misses you. x2
LilCorpsy's ghost hits you! The jackal bites you.
* * * LOW HITPOINT WARNING * * *
You hit LilCorpsy's ghost.
LilCorpsy's ghost is severely damaged.
The jackal misses you. The jackal barely misses you.
LilCorpsy's ghost hits you!
You die...

#≈.≈
≈###§.≈###
≈≈≈≈≈.≈≈≈
.§..§....
......#
.†..# #K.#
#hW# #@h#
#..# #..#
#..# #..#
...# #.##
#..


You could see LilCorpsy's ghost, 2 jackals and a kobold.

Vanquished Creatures
  4 adders (D:2)
  An ooze (D:1)
  2 worms (D:2)
  4 bats
  3 giant cockroaches (D:2)
  4 goblins
  A hobgoblin (D:2)
  2 jackals (D:3)
  3 giant newts (D:2)
  3 kobolds
  2 rats (D:1)
29 creatures vanquished.

Notes
Turn   | Place    | Note
--------------------------------------------------------------
     0 | D:1      | LilCorpsy the Merfolk Gladiator began the quest for the Orb.
     0 | D:1      | Reached XP level 1. HP: 16/16 MP: 1/1
   341 | D:1      | Reached skill level 5 in Polearms
   341 | D:1      | Reached XP level 2. HP: 22/22 MP: 2/2
   768 | D:2      | Reached skill level 6 in Polearms
   768 | D:2      | Reached XP level 3. HP: 23/27 MP: 3/3
  1225 | D:2      | Reached XP level 4. HP: 22/33 MP: 4/4
  1241 | D:2      | Reached skill level 7 in Polearms
  1458 | D:3      | Noticed LilCorpsy's ghost (average MfGl)
  1462 | D:3      | Gained mutation: You can spit weak poison. [potion of beneficial mutation]
  1483 | D:3      | Slain by LilCorpsy's ghost

Vault maps used:
D:1:      minmay_arrival_three_doors
D:2:      first_bread
D:3:      kennysheep_boxes

Action                   |  1- 3 |  4- 6 || total
-------------------------+-------+-------++-------
Melee: Trident           |   107 |    33 ||   140
  Use: Potion            |       |     7 ||     7
 Stab: Sleeping          |     1 |       ||     1
  Eat: Pizza             |     1 |       ||     1
